 Dungeon Crawl Stone Soup version 0.32-a0-791-gfc315c9ecd (webtiles) character file.

Game seed: 15996217703152851635

86 Alarak the Vexing (level 4, -12/34 HPs)
             Began as a Gnoll Hexslinger on Mar 21, 2024.
             Mangled by Edmund
             ... wielding a +1 heavy flail
              (16 damage)
             ... on level 4 of the Dungeon.
             The game lasted 00:03:20 (1567 turns).

Alarak the Vexing (Gnoll Hexslinger)                Turns: 1567, Time: 00:03:21

Health: -12/34     AC:  6    Str:  3    XL:     4   Next: 50%
Magic:  2/2        EV: 14    Int: 13    God:
Gold:   78         SH:  5    Dex: 20    Spells: 9/9 levels left

rFire   . . .        r - +8 hand axe of the Eel {antimagic, Str-4 Dex+4}
rCold   . . .        (no shield)
rNeg    . . .        c - +0 robe
rPois   .            l - +0 helmet
rElec   .            h - +0 cloak
rCorr   +            s - +1 pair of gloves {Stlth+}
SInv    .            (no boots)
Will    .....        p - amulet of reflection
Stlth   +++          o - ring of resist corrosion
HPRegen 0.25/turn    (no ring)
MPRegen 0.08/turn

%: reflection
@: no status effects
A: fangs 1, strong nose, distributed training
a: no special abilities


You were on level 4 of the Dungeon.
You visited 1 branch of the dungeon, and saw 5 of its levels.

You collected 78 gold pieces.

Inventory:

Hand Weapons
 a - a +1 sling
 r - the +8 hand axe of the Eel (weapon) {antimagic, Str-4 Dex+4}
   (You found it on level 2 of the Dungeon)

   Str-4:     It affects your strength (-4).
   Dex+4:     It affects your dexterity (+4).
Armour
 c - a +0 robe (worn)
 h - a +0 cloak (worn)
 l - a +0 helmet (worn)
 s - a +1 pair of gloves of stealth (worn)
Jewellery
 f - an amulet of the acrobat
 o - a ring of resist corrosion (left hand)
 p - an amulet of reflection (around neck)
Talismans
 n - a blade talisman
Scrolls
 b - a scroll of poison
 e - a scroll of torment
 i - 2 scrolls of revelation
 m - a scroll of identify {unknown}
Potions
 d - 3 potions of curing {unknown}
 g - a potion of brilliance {unknown}
 j - a potion of berserk rage {unknown}
 k - a potion of degeneration {unknown}
 q - 2 potions of heal wounds {unknown}


   Skills:
 + Level 2.8 Fighting
 + Level 1.2 Short Blades
 + Level 1.2 Long Blades
 + Level 1.2 Axes
 + Level 1.2 Maces & Flails
 + Level 1.2 Polearms
 + Level 1.2 Staves
 + Level 4.7 Ranged Weapons
 + Level 1.2 Throwing
 + Level 1.2 Armour
 + Level 4.7 Dodging
 + Level 1.2 Stealth
 + Level 1.2 Shields
 + Level 1.2 Unarmed Combat
 + Level 3.0 Spellcasting
 + Level 1.0 Conjurations
 + Level 5.5 Hexes
 + Level 1.0 Summonings
 + Level 1.0 Necromancy
 + Level 1.0 Translocations
 + Level 2.3 Fire Magic
 + Level 1.0 Ice Magic
 + Level 1.0 Air Magic
 + Level 1.0 Earth Magic
 + Level 1.0 Alchemy
 + Level 1.3 Invocations
 + Level 1.2 Evocations
 + Level 1.1 Shapeshifting


You had 9 spell levels left.
You didn't know any spells.
Your spell library contained the following spells:

 Spells                   Type           Power      Damage    Failure   Level
 Jinxbite                 Hex            32%        N/A       3%          2
 Sigil of Binding         Hex            16%        N/A       7%          3
 Inner Flame              Hex/Fire       12%        N/A       14%         3
 Sandblast                Erth           8%         2d5       16%         1
 Cause Fear               Hex            8%         N/A       24%         4
 Stone Arrow              Conj/Erth      8%         3d7       41%         3
 Dimensional Bullseye     Hex/Tloc       5%         N/A       52%         4
 Brom's Barrelling Bould  Conj/Erth      4%         2d3       83%         4


Dungeon Overview and Level Annotations

Branches:
Dungeon (5/15)
 Temple: D:4-7

Altars:
Okawaru

Annotations:
D:4 Edmund


Innate Abilities, Weirdness & Mutations

You have very sharp teeth.
Your uncanny sense of smell can sniff out nearby items.
Your experience applies equally to all skills.


Message History

No target in view!
No target in view!
No target in view!
No target in view!
No target in view!
Found an escape hatch in the ceiling.
You open the door.
There is an open door here.
There is an escape hatch in the ceiling here.
Found a stone staircase leading up.
There is an escape hatch in the ceiling here.
A mysterious force pulls you upwards. The hatch slams shut behind you.
Found 15 gold pieces and an orange potion.
The helpless Edmund fails to defend himself.
You hit Edmund.
Edmund is lightly wounded.
Edmund hits you with a +1 heavy flail.
You hit Edmund.
Edmund is lightly wounded.
Edmund hits you with a +1 heavy flail!
You hit Edmund but do no damage.
Edmund is lightly wounded.
You completely miss Edmund.
Edmund is lightly wounded.
Edmund misses you.
You barely miss Edmund.
Edmund is lightly wounded.
Edmund barely misses you.
You slash Edmund!
Edmund is moderately wounded.
Edmund closely misses you.
You completely miss Edmund.
Edmund is moderately wounded.
Edmund hits you with a +1 heavy flail!
* * * LOW HITPOINT WARNING * * *
You slash Edmund!
Edmund is heavily wounded.
Edmund hits you with a +1 heavy flail!
You die...
Edmund says, "I'd like to see a scythe do that!"

#. .# .. ## .##
.###!# #
.#..###.###
#.#.......#
######.#.......#
......@@.........
########.........
#$......##
#.......#
#.......#
##.#.#### #.#.#
.# #


You could see Edmund.

Vanquished Creatures
  4 adders
  2 ufetubi (D:5)
  2 dart slugs
  A ribbon worm (D:5)
  3 ball pythons
  6 endoplasms
  3 giant cockroaches (D:2)
  A hobgoblin (D:2)
  2 jackals (D:1)
  A quokka (D:1)
  4 bats
  2 frilled lizards (D:1)
  A kobold (D:2)
  4 rats (D:2)
36 creatures vanquished.

Notes
Turn   | Place    | Note
-------+----------+-------------------------------------------
     0 | D:1      | Alarak the Gnoll Hexslinger began the quest for the Orb.
     0 | D:1      | Reached XP level 1. HP: 17/17 MP: 4/4
   157 | D:1      | Reached XP level 2. HP: 20/23 MP: 5/5
   729 | D:2      | Reached XP level 3. HP: 28/28 MP: 7/7
   775 | D:2      | Reached skill level 1 in Invocations
   888 | D:2      | Reached skill level 1 in Short Blades
   888 | D:2      | Reached skill level 1 in Long Blades
   888 | D:2      | Reached skill level 1 in Axes
   888 | D:2      | Reached skill level 1 in Maces & Flails
   888 | D:2      | Reached skill level 1 in Polearms
   888 | D:2      | Reached skill level 1 in Staves
   888 | D:2      | Reached skill level 1 in Throwing
   888 | D:2      | Reached skill level 1 in Armour
   888 | D:2      | Reached skill level 1 in Stealth
   888 | D:2      | Reached skill level 1 in Shields
   888 | D:2      | Reached skill level 1 in Unarmed Combat
   888 | D:2      | Reached skill level 1 in Evocations
  1063 | D:2      | Identified the +8 hand axe of the Eel {antimagic, Str-4
                  | Dex+4}
  1252 | D:3      | Found an iron altar of Okawaru.
  1377 | D:3      | You fall into a shaft and drop 2 floors!
  1377 | D:5      | Entered Level 5 of the Dungeon
  1400 | D:5      | Reached skill level 1 in Shapeshifting
  1400 | D:5      | Reached XP level 4. HP: 26/34 MP: 2/8
  1409 | D:5      | Reached skill level 1 in Conjurations
  1409 | D:5      | Reached skill level 1 in Summonings
  1409 | D:5      | Reached skill level 1 in Necromancy
  1409 | D:5      | Reached skill level 1 in Translocations
  1409 | D:5      | Reached skill level 1 in Ice Magic
  1409 | D:5      | Reached skill level 1 in Air Magic
  1409 | D:5      | Reached skill level 1 in Earth Magic
  1409 | D:5      | Reached skill level 1 in Alchemy
  1484 | D:5      | Noticed a phantom
  1557 | D:4      | Noticed Edmund
  1567 | D:4      | Mangled by Edmund

Illustrated notes

Levels and vault maps discovered:
D:1:      ldierk_walled_garden_2, layout_loops_cross, grunt_decor_mini_mirrors,
          hex_medium
D:2:      layout_loops_ring, hangedman_abyss_or_decor_lesser_grid,
          minmay_misc_feat_iff, minmay_hexomino_p4
D:3:      layout_basic, lemuel_coloured_pillars_altar,
          hellmonk_okawaru_the_only_friend_you_need, uniq_ijyb
D:4:      layout_loops_ring, lemuel_tele_altar, mainiacjoe_overflow_big_doors,
          uniq_edmund, uniq_menkaure
D:5:      layout_cave_pools, serial_park, serial_park_tiny_1,
          serial_park_square3 [serial_park_minivault_5x5_8],
          serial_park_square2, serial_park_tiny_2, kennysheep_cluttered_room,
          minivault_11, corexii_hall_statues_l, moated_statue,
          kennysheep_generic_room_12, uniq_crazy_yiuf_cottage

Skill      XL: |  1  2  3  4 |
---------------+-------------+-----
Fire Magic     | 2 |  2.3
Invocations    | 1 |  1.3
Short Blades   | 1 |  1.2
Long Blades    | 1 |  1.2
Axes           | 1 |  1.2
Maces & Flails | 1 |  1.2
Polearms       | 1 |  1.2
Staves         | 1 |  1.2
Throwing       | 1 |  1.2
Armour         | 1 |  1.2
Stealth        | 1 |  1.2
Shields        | 1 |  1.2
Unarmed Combat | 1 |  1.2
Evocations     | 1 |  1.2
Spellcasting   | 3 |  3.0
Shapeshifting  | 1 |  1.1
Conjurations   | 1 |  1.0
Summonings     | 1 |  1.0
Necromancy     | 1 |  1.0
Translocations | 1 |  1.0
Ice Magic      | 1 |  1.0
Air Magic      | 1 |  1.0
Earth Magic    | 1 |  1.0
Alchemy        | 1 |  1.0
Fighting       | |  2.8
Ranged Weapons | |  4.7
Dodging        | |  4.7
Hexes          | |  5.5

Action                     |  1- 3 |  4- 6 || total
---------------------------+-------+-------++-------
  Melee: Hand axe          |    10 |    27 ||    37
         Bite              |     1 |     2 ||     3
   Fire: Sling             |    80 |       ||    80
    Use: Scroll            |     4 |       ||     4
   Stab: Sleeping          |     2 |     1 ||     3
 Armour: Robe              |    16 |    15 ||    31
  Dodge: Dodged            |    30 |    24 ||    54
  Block: Other             |     2 |     6 ||     8

Table legend: (Time is in decaauts)
 A = Elapsed time spent in this place.
 B = Non-inter-level travel time spent in this place.
 C = Inter-level travel time spent in this place.
 D = Time resting spent in this place.
 E = Time spent auto-exploring this place.
 F = Levels seen in this place.
 G = Mean time per level.
                   A        B        C        D        E       F      G
               +--------+--------+--------+--------+--------+-----+--------+
         Total |   1587 |   1504 |     83 |    117 |   1103 |   5 |  317.4 |
       Dungeon |   1587 |   1504 |     83 |    117 |   1103 |   5 |  317.4 |
               +--------+--------+--------+--------+--------+-----+--------+

Top non-repeatable levels by time:
     D:2: 639 daAuts
     D:1: 619 daAuts
     D:5: 185 daAuts
     D:3: 131 daAuts
     D:4: 11 daAuts
